 Dungeon Crawl Stone Soup version 0.29.0-5-ge4962eb29e (webtiles) character file.

Game seed: 14290337656656497714

190 keekatzer the Grave Robber (level 5, -5/38 HPs)
             Began as a Mummy Necromancer on Aug 30, 2022.
             Slain by Edmund
             ... wielding a +2 dire flail of protection
              (19 damage)
             ... on level 4 of the Dungeon.
             The game lasted 00:15:54 (2661 turns).

keekatzer the Grave Robber (Mummy Necromancer)      Turns: 2661, Time: 00:15:55

Health: -5/38      AC:  3    Str: 11    XL:     5   Next: 41%
Magic:  6/9        EV: 12    Int: 15    God:
Gold:   113        SH:  0    Dex: 14    Spells: 1/9 levels left

rFire   x . .      SeeInvis .   c - +0 dagger
rCold   + . .      Faith    .   (no shield)
rNeg    + + +      Spirit   .   a - +0 robe
rPois   ∞          Reflect  .   i - +0 helmet
rElec   .          Harm     .   (no cloak)
rCorr   .          Rampage  .   (no gloves)
Will    .....                   (no boots)
Stlth   ++........              (no amulet)
HPRegen 0.12/turn               (no ring)
MPRegen 0.11/turn               (no ring)

@: no status effects
A: cold resistance 1, negative energy resistance 3, torment resistance 2, heat
vulnerability 1, in touch with death 1, no potions
a: no special abilities


You were on level 4 of the Dungeon.
You visited 1 branch of the dungeon, and saw 4 of its levels.

You collected 113 gold pieces.

Inventory:

Hand Weapons
 c - a +0 dagger (weapon)
 l - a +0 trident
Armour
 a - a +0 robe (worn)
 b - an orb of mayhem
 d - a +0 tower shield
 i - a +0 helmet (worn)
 k - a +0 pair of boots
Scrolls
 e - a scroll of enchant armour {unknown}
 f - 5 scrolls of identify {unknown}
 g - a scroll of amnesia {unknown}
 h - a scroll of fear {unknown}
 j - a scroll of blinking {unknown}
 m - a scroll of poison {unknown}


   Skills:
 - Level 2.0 Fighting
 - Level 1.6 Dodging
 - Level 1.6 Stealth
 - Level 2.7 Spellcasting
 - Level 2.0 Hexes
 * Level 5.7 Necromancy


You had one spell level left.
You knew the following spells:

 Your Spells              Type           Power      Damage    Failure   Level
a - Necrotise             Necr           100%       1d9       1%          1
b - Slow                  Hex            32%        N/A       9%          1
c - Confusing Touch       Hex            8%         N/A       26%         3
d - Vampiric Draining     Necr           29%        2d8       6%          3

Your spell library contained the following spells:

 Spells                   Type           Power      Damage    Failure   Level
 Animate Dead             Necr           29%        N/A       19%         4
 Agony                    Necr           29%        N/A       47%         5


Dungeon Overview and Level Annotations

Branches:
Dungeon (4/15)
 Temple: D:4-7

Altars:
Xom

Annotations:
D:4 1 runed translucent door, Crazy Yiuf, Edmund


Innate Abilities, Weirdness & Mutations

You are immune to poison.
Your flesh is cold resistant. (rC+)
You are immune to negative energy. (rN+++)
You are immune to unholy pain and torment.
You are vulnerable to heat. (rF-)
You are in touch with the powers of death.
You do not drink.


Message History

The ice beast closely misses you.
You hit the ice beast.
The ice beast is moderately wounded.
The ice beast hits you. The ice beast freezes you. You resist.
You hit the ice beast but do no damage.
The ice beast is moderately wounded.
The ice beast barely misses you.
You hit the ice beast.
The ice beast is moderately wounded.
The ice beast seems less confused.
Found a glowing short sword.
Found 7 gold pieces.
There is a stone staircase leading up here.
You climb upwards.
There is a stone staircase leading down here.
There is a stone staircase leading down here.
You start resting.
Magic restored.
You start resting.
HP restored.
You climb downwards.
Level annotation: 1 runed translucent door, Crazy Yiuf Edmund shouts!
Found a green potion.
There is a stone staircase leading up here.
Casting: Confusing Touch (quite dangerous; 26% risk of failure)
Confirm with . or Enter, or press ? or * to list all spells.
The spell is quite dangerous to miscast (26% risk of failure)!
Continue anyway?
Your hands begin to glow red.
Edmund hits you with a +2 dire flail of protection!
You hit Edmund but do no damage.
Edmund hits you with a +2 dire flail of protection.
You hit Edmund but do no damage.
Edmund appears confused.
You punch Edmund, but do no damage.
Edmund cries, "My head!
MY HEAD!!!"
Edmund hits you with a +2 dire flail of protection!
You hit Edmund but do no damage.
Edmund hits you with a +2 dire flail of protection!!
Ouch! That really hurt!
You die...

#.# #.
#.###############.###.
###.....................
...........########Z####
...........# #.#...
...........# #.#...
...........# #.####
......@....# #.....
.......@...# ######
.........### ...........
........#.#.# #
........#.# .. .
........#.. ## ###
....!...+ .. ..
........# ..# .#####
......


You could see Edmund (confused).

Vanquished Creatures
  Natasha (twice) (D:2)
  Robin (D:2)
  4 adders
  A worm (D:3)
  A dart slug (D:2)
  6 ball pythons
  8 endoplasms
  2 giant cockroaches
  13 goblins
  3 hobgoblins
  6 jackals (D:2)
  8 kobolds
  4 quokkas
  7 bats
  4 frilled lizards
  6 rats
76 creatures vanquished.

Vanquished Creatures (collateral kills)
  2 ball pythons
  An endoplasm (D:1)
  A goblin (D:1)
  A jackal (D:2)
5 creatures vanquished.

Grand Total: 81 creatures vanquished

Notes
Turn   | Place    | Note
-------+----------+-------------------------------------------
     0 | D:1      | keekatzer the Mummy Necromancer began the quest for the
                  | Orb.
     0 | D:1      | Reached XP level 1. HP: 13/13 MP: 4/4
   143 | D:1      | Learned a level 1 spell: Slow
   168 | D:1      | Reached XP level 2. HP: 12/20 MP: 1/5
   488 | D:1      | Reached skill level 1 in Fighting
   813 | D:1      | Gained mutation: You are in touch with the powers of death.
                  | [Mummy growth]
   813 | D:1      | Reached XP level 3. HP: 26/26 MP: 1/7
   839 | D:1      | Learned a level 3 spell: Confusing Touch
  1090 | D:2      | Reached skill level 1 in Hexes
  1312 | D:2      | Reached XP level 4. HP: 29/32 MP: 2/8
  1322 | D:2      | Learned a level 3 spell: Vampiric Draining
  1328 | D:2      | Noticed Natasha
  1334 | D:2      | Killed Natasha
  1335 | D:2      | Reached skill level 5 in Necromancy
  1444 | D:2      | Noticed Natasha
  1455 | D:2      | Killed Natasha
  1461 | D:2      | Found a faded altar of an unknown god.
  1520 | D:2      | Noticed Robin
  1540 | D:2      | Killed Robin
  1541 | D:2      | Reached XP level 5. HP: 23/38 MP: 2/9
  2055 | D:3      | Found a shimmering altar of Xom.
  2358 | D:4      | Found a runed translucent door.
  2359 | D:4      | Noticed Crazy Yiuf
  2463 | D:4      | Noticed an ice beast
  2657 | D:4      | Noticed Edmund
  2661 | D:4      | Slain by Edmund

Illustrated notes

Levels and vault maps discovered:
D:1:      amcnicky_arrival_flooded_fountain, layout_basic, minivault_24,
          minmay_hedge_maze, st_stairs_10
D:2:      layout_basic, chequers_ecumenical_altar_simple, uniq_robin,
          uniq_natasha
D:3:      kennysheep_big_flooded_room, layout_rooms, minitemple,
          kennysheep_generic_room_4
D:4:      layout_basic, minmay_temple_entry_overgrown, serial_shops,
          nicolae_shop_bloodbath_and_beyond, uniq_duvessa,
          uniq_crazy_yiuf_cottage, uniq_edmund

Skill      XL: |  1  2  3  4  5 |
---------------+----------------+-----
Fighting       | 1 2 |  2.0
Hexes          | 1 2 |  2.0
Necromancy     | 5 |  5.7
Dodging        | |  1.6
Stealth        | |  1.6
Spellcasting   | |  2.7

Action                   |  1- 3 |  4- 6 || total
-------------------------+-------+-------++-------
Melee: Dagger            |    37 |    43 ||    80
       Punch             |     1 |     2 ||     3
 Cast: Necrotise         |    79 |    56 ||   135
       Confusing Touch   |       |     3 ||     3
 Stab: Distracted        |       |     1 ||     1
       Confused          |       |     1 ||     1
Armor: Robe              |    11 |    15 ||    26
Dodge: Dodged            |    38 |    29 ||    67
